 Dungeon Crawl Stone Soup version 0.27.0-1-g7a089689b8 (webtiles) character file.

Game seed: 9273054540472989600

305314 ketsa the Executioner (level 20, -17/193 HPs)
             Began as a Minotaur Berserker on Aug 4, 2021.
             Was a High Priest of Trog.
             Killed from afar by a deep elf sorcerer (28 damage)
             ... with a bolt of acid
             ... on level 3 of the Elven Halls on Aug 6, 2021.
             The game lasted 05:40:18 (53449 turns).

ketsa the Executioner (Minotaur Berserker)         Turns: 53449, Time: 05:40:19

Health: -17/193    AC: 26    Str: 27    XL:     20   Next: 62%
Magic:  6/6        EV: 14    Int:  5    God:    Trog [*****.]
Gold:   2029       SH:  5    Dex: 17    Spells: 19/19 levels left

rFire    + . .     SeeInvis .   L - +9 executioner's axe (antimagic)
rCold    + . .     Faith    .   (shield currently unavailable)
rNeg     + + .     Spirit   .   d - +7 plate armour {rN+}
rPois    .         Reflect  +   R - +0 hat
rElec    .         Harm     .   c - scarf {rC+ rF+}
rCorr    .         Rampage  .   k - +1 pair of gloves
Will     ++...                  e - +0 pair of boots
Stlth    ..........             C - amulet "Jeiguad" {Reflect rN+ Regen+ SH+5}
HPRegen  1.42/turn              X - +6 ring of dexterity
MPRegen  0.10/turn              P - ring of willpower

@: corroded
A: horns 2, retaliatory headbutt, clumsy 1
}: 1/15 runes: decaying
a: Renounce Religion, Berserk, Trog's Hand, Brothers in Arms


You were on level 3 of the Elven Halls.
You worshipped Trog.
Trog was extremely pleased with you.
You visited 10 branches of the dungeon, and saw 40 of its levels.
You visited the Abyss 1 time.
You also visited: Trove, Ossuary and Bailey.

You collected 4729 gold pieces.
You spent 2700 gold pieces at shops.

Inventory:

Hand Weapons
 b - the +5 battleaxe of Somewhere Else {freeze, rElec rC++ Int+3 Stlth-}
   (You found it in a treasure trove)

   It freezes those it strikes, dealing additional cold damage.
   It can also slow down cold-blooded creatures.
   Int:       It affects your intelligence (+3).
   rC:        It greatly protects you from cold.
   rElec:     It insulates you from electricity.
   Stlth:     It makes you less stealthy.
 f - the +8 mithril axe "Arga" {speed, Will+}
   (You found it in a treasure trove)

   Attacks with this weapon are significantly faster.
   Will:      It increases your willpower.
 n - the +7 broad axe "Hydraslayer" {elec, rElec rF+ rC+ Str+2}
   (You found it on level 12 of the Dungeon)

   It occasionally discharges a powerful burst of electricity upon striking a
   foe.
   Str:       It affects your strength (+2).
   rF:        It protects you from fire.
   rC:        It protects you from cold.
   rElec:     It insulates you from electricity.
 o - the +11 battleaxe of Circular Logic {elec, Fly rElec Int+5 Dex-2}
   (You found it in a treasure trove)

   It occasionally discharges a powerful burst of electricity upon striking a
   foe.
   Int:       It affects your intelligence (+5).
   Dex:       It affects your dexterity (-2).
   rElec:     It insulates you from electricity.
   Fly:       It grants you flight.
 L - a +9 antimagic executioner's axe (weapon)
Missiles
 l - 8 curare-tipped darts
 s - 115 poisoned darts
 E - 14 boomerangs (quivered)
 T - 7 silver boomerangs
Armour
 c - a scarf of resistance (worn)
 d - a +7 plate armour of positive energy (worn)
 e - a +0 pair of boots (worn)
 k - a +1 pair of gloves (worn)
 m - the +1 ring mail of Delicate the Good {rPois Int+2}
   (You found it on level 12 of the Dungeon)

   Int:       It affects your intelligence (+2).
   rPois:     It protects you from poison.
 R - a +0 hat (worn)
Jewellery
 j - a +4 ring of evasion
 C - the amulet "Jeiguad" (around neck) {Reflect rN+ Regen+ SH+5}
   (You bought it in a shop on level 2 of the Orcish Mines)

   [amulet of reflection]

   It reflects blocked missile attacks.
   rN:        It protects you from negative energy.
   Regen:     It increases your rate of health regeneration.
   SH:        It affects your SH (+5).
 D - an amulet of guardian spirit
 P - a ring of willpower (right hand)
 X - a +6 ring of dexterity (left hand)
 Z - a ring of protection from cold
Wands
 a - a wand of acid (14)
 p - a wand of paralysis (17)
 v - a wand of charming (15)
 y - a wand of flame (94)
 A - a wand of iceblast (46)
 J - a wand of mindburst (14)
 N - a wand of polymorph (27)
 O - a wand of digging (20)
Scrolls
 q - 10 scrolls of teleportation
 x - 2 scrolls of summoning
 G - a scroll of enchant armour
 H - 2 scrolls of holy word
 I - 4 scrolls of blinking
 K - 20 scrolls of identify
 Q - 3 scrolls of enchant weapon
 U - a scroll of fear
Potions
 g - 2 potions of resistance
 h - 5 potions of lignification
 i - 3 potions of might
 r - 2 potions of mutation
 t - 9 potions of curing
 z - 3 potions of invisibility
 F - 2 potions of cancellation
 M - 4 potions of flight
 S - 6 potions of haste
 Y - 7 potions of heal wounds
Miscellaneous
 u - a lightning rod (4/4)
 w - a piece from Xom's chessboard (15/15)
 B - a box of beasts
 V - a lightning rod (4/4)
 W - a condenser vane


   Skills:
 - Level 20.2 Fighting
 + Level 23.7 Axes
 + Level 10.5 Throwing
 + Level 19.8 Armour
 + Level 11.1 Dodging
 - Level 6.5 Stealth
 + Level 10.4 Evocations


You had 19 spell levels left.
You didn't know any spells.
Your spell library contained the following spells:

 Spells                   Type           Power      Damage    Failure   Level
 Animate Skeleton         Necr           0%         N/A       94%         1
 Apportation              Tloc           0%         N/A       94%         1
 Corona                   Hex            0%         N/A       94%         1
 Magic Dart               Conj           0%         1d3       94%         1
 Sandblast                Erth           0%         2d4       94%         1
 Shock                    Conj/Air       0%         1d3       94%         1
 Sting                    Tmut/Pois      0%         1d3       94%         1
 Summon Small Mammal      Summ           0%         N/A       94%         1
 Blink                    Tloc           N/A        N/A       98%         2
 Ensorcelled Hibernation  Hex/Ice        0%         N/A       98%         2
 Passwall                 Tmut/Erth      0%         N/A       98%         2
 Poisonous Vapours        Pois/Air       0%         N/A       98%         2
 Call Canine Familiar     Summ           0%         N/A       100%        3
 Conjure Flame            Conj/Fire      0%         6-21      100%        3
 Frozen Ramparts          Ice            0%         1d2       100%        3
 Inner Flame              Hex/Fire       0%         N/A       100%        3
 Lesser Beckoning         Tloc           0%         N/A       100%        3
 Ozocubu's Armour         Ice            0%         N/A       100%        3
 Portal Projectile        Hex/Tloc       0%         N/A       100%        3
 Summon Guardian Golem    Hex/Summ       0%         N/A       100%        3
 Swiftness                Air            0%         N/A       100%        3
 Tukima's Dance           Hex            0%         N/A       100%        3
 Airstrike                Air            0%         N/A       100%        4
 Animate Dead             Necr           0%         N/A       100%        4
 Ice Form                 Ice/Tmut       0%         N/A       100%        4
 Leda's Liquefaction      Hex/Erth       0%         N/A       100%        4
 Olgreb's Toxic Radiance  Pois           0%         N/A       100%        4
 Passage of Golubria      Tloc           N/A        N/A       100%        4
 Summon Ice Beast         Ice/Summ       0%         N/A       100%        4
 Borgnjor's Vile Clutch   Necr/Erth      0%         N/A       100%        5
 Lee's Rapid Deconstruct  Erth           0%         3d5*      100%        5
 Manifold Assault         Tloc           0%         N/A       100%        5
 Silence                  Hex/Air        0%         N/A       100%        5
 Conjure Ball Lightning   Conj/Air       0%         3x3d6     100%        6
 Starburst                Conj/Fire      0%         8x6d3     100%        6
 Statue Form              Tmut/Erth      0%         N/A       100%        6
 Haunt                    Necr/Summ      0%         N/A       100%        7
 Ozocubu's Refrigeration  Ice            0%         4d5       100%        7
 Discord                  Hex            0%         N/A       100%        8
 Disjunction              Tloc           0%         N/A       100%        8
 Infestation              Necr           0%         N/A       100%        8
 Lehudib's Crystal Spear  Conj/Erth      0%         10d2      100%        8
 Fire Storm               Conj/Fire      0%         5d1       100%        9


Dungeon Overview and Level Annotations

Branches:
Dungeon (15/15)            Temple (1/1) D:7            Lair (6/6) D:11
  Swamp (4/4) Lair:3        Snake (4/4) Lair:4        Slime (1/5) Lair:6
    Orc (2/2) D:12            Elf (3/3) Orc:2        Vaults (1/5) D:14
 Depths (3/5) D:15        Ossuary (visited)          Bailey (visited)

Altars:
Ashenzari
Cheibriados
Dithmenos
Elyvilon
Fedhas
Gozag
Hepliaklqana
Kikubaaqudgha
Makhleb
Nemelex Xobeh
Okawaru
Qazlal
Ru
Sif Muna
Trog
Uskayaw
Vehumet
Wu Jian
Xom
Yredelemnul
Zin
The Shining One
Beogh
Jiyva
Lugonu

Shops:
D:8 =   D:11 !   D:14 *   D:15 (   Orc:2 (==*   Elf:2 :   Snake:1 !*(
Snake:2 *   Snake:3 !   Snake:4 ?[

Portals:
Hell: Depths:1 Depths:2
Abyss: Lair:6 Depths:2
Ziggurat: Depths:2

Annotations:
Lair:3 exclusion: downstairs
Swamp:1 2 transporters, VincentAMV's ghost, adept GrFi
Swamp:3 2 runed translucent doors, feelmyfire's ghost, journeyman VSWr
Snake:1 1 runed translucent door, Razfen's ghost, adept GnWn
Snake:3 exclusion: downstairs
Elf:1 exclusion: ice statue
Depths:3 3 runed translucent doors


Innate Abilities, Weirdness & Mutations

You have a pair of horns on your head.
You reflexively headbutt those who attack you in melee.
You are clumsy. (Dex -2)


Message History

There is a stone staircase leading up, spattered with blood here.
Throw: 14 boomerangs
Press: ? - help, Q - select action, (/) - cycle Shift-Dir - straight line, f/p - deep elf master archer
Aim: a deep elf master archer, wielding a +0 longbow, wearing a +0 leather armour and quivering arrows (moderately wounded, 61% to hit)
You throw a boomerang.
The boomerang hits the deep elf master archer but does no damage.
The deep elf master archer is moderately wounded.
The deep elf master archer shoots an arrow.
The arrow hits you!!
* * * LOW HITPOINT WARNING * * *
The deep elf sorcerer points at you and mumbles some strange words.
Your deep elf sorcerer resists with almost no effort.
Your deep elf sorcerer hits the deep elf sorcerer with a +0 rapier!
The deep elf death mage hits your deep elf sorcerer but does no damage.
Your deep elf sorcerer looks as sick as possible!
The deep elf master archer shoots an arrow.
The arrow hits you!!
* * * LOW HITPOINT WARNING * * *
The deep elf sorcerer hits your deep elf sorcerer with a +0 long sword.
The deep elf master archer shoots an arrow.
The arrow hits you!
* * * LOW HITPOINT WARNING * * *
Your deep elf sorcerer gestures at the deep elf death mage while chanting.
The sphere of damnation explodes!
The damnation engulfs the deep elf death mage!!
The damnation engulfs the deep elf sorcerer!!
The damnation engulfs the deep elf demonologist!!
The damnation engulfs the deep elf master archer!!!
The damnation engulfs your deep elf sorcerer!!!
Your deep elf sorcerer dies!
Trog accepts your kill.
Trog appreciates your killing of a magic user.
The deep elf master archer shoots an arrow.
The arrow hits you.
* * * LOW HITPOINT WARNING * * *
The deep elf death mage casts a spell at you.
The bolt of negative energy misses you.
The deep elf sorcerer gestures at you while chanting.
The bolt of acid hits you!!
You die...

#..# #e.# #e.#
#ee#
#e)########
#.........#
###......#
##))).##
######)@##
#....)).)##
#.<..)....#
#..........#
#......$....#
+............#
#../..........#
#.............+
#............##


You could see a deep elf master archer, a deep elf death mage, a deep elf
sorcerer (fast) and a deep elf demonologist (unaware).

Vanquished Creatures
  the Lernaean hydra (Swamp:4)
  Margery (Depths:2)
  2 golden dragons (Depths:3)
  Rupert (D:15)
  Jorgrun (Orc:2)
  A deep elf blademaster (Elf:2)
  A tengu reaver (Depths:2)
  An azure jelly (Lair:6)
  2 fire giants (Depths:2)
  A frost giant (D:13)
  6 deep elf sorcerers
  Louise (D:15)
  A deep elf elementalist (Elf:3)
  8 stone giants
  3 very ugly things
  A ghoul (Swamp:1)
  2 entropy weavers (Vaults:1)
  A vampire knight (Depths:3)
  2 deep elf annihilators (Elf:3)
  3 bunyips
  The ghost of mavignon the Black Belt, a journeyman DsBe of Trog (Lair:6)
  4 spark wasps
  4 ettins
  A deep elf death mage (Elf:3)
  A merfolk impaler (Depths:2)
  5 eleionomae
  Josephine (D:14)
  A merfolk javelineer (Depths:1)
  A shambling mangrove (Swamp:3)
  3 fire dragons
  2 great orbs of eyes
  4 rakshasas
  9 naga warriors
  An ice dragon (Depths:2)
  22 hydras
  8 vault guards
  4 deep elf high priests
  4 boulder beetles
  2 ghost crabs (Swamp:1)
  9 alligators
  A catoblepas (Lair:4)
  13 anacondas
  A death knight (D:15)
  9 centaur warriors
  25 dancing weapons
  4 alligator snapping turtles (Snake:3)
  A satyr (shapeshifter) (D:15)
  2 vampire magi
  6 two-headed ogres
  A tengu warrior (Depths:2)
  4 thrashing horrors
  2 deep troll shamans
  8 shock serpents
  6 death yaks (Lair:6)
  3 deep troll earth magi
  2 orc high priests
  12 hell knights
  Sonja (D:12)
  10 naga sharpshooters
  14 deep elf knights
  2 bunyip zombies (Swamp:1)
  4 salamander mystics
  A skeletal warrior (D:9)
  9 goliath frogs
  2 iron trolls (Depths:2)
  3 spriggan druids (Swamp:4)
  2 sea snakes
  8 naga ritualists
  6 deep elf archers (Elf:1)
  A harpy (shapeshifter) (Lair:6)
  6 deep trolls
  3 wizards
  3 glowing orange brains
  14 bog bodies
  A phantasmal warrior (D:15)
  11 swamp dragons
  26 deep elf pyromancers
  8 necromancers
  A lindwurm (shapeshifter) (D:13)
  15 mana vipers
  2 orc knights
  22 ugly things
  A will-o-the-wisp (Swamp:3)
  19 deep elf zephyrmancers
  5 orc sorcerers (Orc:2)
  6 cyclopes
  13 slime creatures
  2 manticores
  A salamander (shapeshifter) (D:13)
  18 salamanders
  30 black mambas
  18 naga magi
  3 smoke demons
  3 guardian serpents
  Maurice (D:11)
  7 elephants (Lair:4)
  9 cane toads
  3 gargoyles
  2 torpor snails
  2 rime drakes
  13 komodo dragons
  A kobold demonologist (D:12)
  4 unseen horrors
  A freezing wraith (D:15)
  A bunyip simulacrum (Swamp:1)
  A tengu conjurer (Depths:3)
  A queen bee (D:13)
  7 trolls
  2 hydra zombies (Swamp:1)
  3 polar bears
  An alligator zombie (Swamp:1)
  4 meliai (D:13)
  9 tyrant leeches
  9 hornets
  4 raiju (Abyss:3)
  34 blink frogs
  A snapping turtle (Snake:3)
  8 dream sheep (Lair:4)
  5 large abominations
  A centaur simulacrum (D:13)
  2 air elementals (Elf:1)
  Sigmund (D:4)
  A shadow (D:9)
  3 water elementals
  A fire elemental (Elf:1)
  A vampire (D:9)
  4 redbacks (Vaults:1)
  7 wyverns
  10 wraiths
  11 basilisks
  18 spriggans
  2 fire bats (D:5)
  45 yaks
  7 chaos spawn
  A steam dragon (D:9)
  Edmund (D:5)
  15 vampire mosquitoes
  3 wargs (Orc:2)
  39 nagas
  17 swamp worms
  21 water moccasins
  A hydra simulacrum (Swamp:1)
  8 swamp drakes
  23 orc warriors
  2 sky beasts (D:6)
  2 ice beasts
  2 necrophages (Swamp:1)
  A tengu (shapeshifter) (Elf:2)
  26 wolves
  24 centaurs
  3 ogres
  2 phantoms
  3 kobold brigands
  A scorpion (D:4)
  13 bullfrogs
  An earth elemental (Elf:2)
  A wyvern zombie (D:6)
  6 water moccasin zombies
  13 small abominations
  4 troll zombies (D:12)
  14 wights
  26 killer bees
  2 vampire bats (Orc:2)
  7 howler monkeys
  3 electric eels
  A lava snake (Lair:2)
  A bullfrog zombie (D:5)
  2 crimson imps (D:9)
  6 jellies
  3 bullfrog skeletons
  3 hounds (D:5)
  23 orc priests
  An iron imp (Abyss:3)
  An iguana (D:5)
  Ijyb (D:5)
  6 hell rats (Lair:6)
  31 orc wizards
  A killer bee zombie (D:8)
  4 ogre zombies (D:12)
  2 hound zombies (D:5)
  2 mummies (Ossuary)
  A howler monkey zombie (D:7)
  4 gnolls
  9 adders
  A shadow imp (D:8)
  A white imp (D:4)
  2 adder zombies (Ossuary)
  A worm (D:3)
  6 dart slugs
  71 orcs
  5 ball pythons
  10 bats
  4 endoplasms
  4 giant cockroaches
  2 gnoll zombies (Ossuary)
  2 hobgoblins
  7 jackals
  7 kobolds
  A quokka (D:4)
  2 frilled lizards
  9 goblins
  3 goblin zombies (D:12)
  7 hobgoblin zombies
  2 kobold zombies (Ossuary)
  3 orc skeletons (D:12)
  26 orc zombies
  4 rats
  A fire vortex (Lair:2)
1336 creatures vanquished.

Vanquished Creatures (collateral kills)
  A lich (Depths:2)
  A deep elf blademaster (Elf:3)
  A nagaraja (Snake:4)
  A deep elf sorcerer (Elf:3)
  A deep elf death mage (Elf:3)
  A naga warrior (Snake:4)
  4 hydras
  Urug (D:11)
  A deep elf knight (Elf:2)
  A goliath frog (Swamp:4)
  A swamp dragon (Swamp:1)
  A mana viper (Snake:4)
  3 ugly things (Lair:6)
  A smoke demon (Lair:6)
  An ancient zyme (Lair:6)
  A large abomination (Lair:6)
  A blink frog (Lair:6)
  A spriggan (Lair:6)
  A basilisk (D:15)
  Grum (D:9)
  A small abomination (Lair:6)
  A chaos spawn (Lair:6)
  2 kobolds (D:11)
29 creatures vanquished.

Vanquished Creatures (others)
  2 deep elf archers (Elf:1)
  A deep elf zephyrmancer (Elf:1)
  A black mamba (shapeshifter) (Elf:1)
  A tengu conjurer (D:13)
  2 bloated husks
  A wyvern (D:11)
  An orc warrior (D:11)
  2 orcs (D:11)
  A hobgoblin (D:1)
  3 foxfires (Swamp:3)
  54 fungi
  48 plants
117 creatures vanquished.

Grand Total: 1482 creatures vanquished

Notes
Turn   | Place    | Note
-------+----------+-------------------------------------------
     0 | D:1      | ketsa the Minotaur Berserker began the quest for the Orb.
     0 | D:1      | Reached XP level 1. HP: 19/19 MP: 0/0
    48 | D:1      | Reached skill level 4 in Axes
   119 | D:1      | Reached XP level 2. HP: 24/26 MP: 1/1
   256 | D:1      | Found a faded altar of an unknown god.
   719 | D:2      | Reached skill level 5 in Axes
   719 | D:2      | Reached XP level 3. HP: 28/31 MP: 2/2
  1075 | D:2      | Reached skill level 6 in Axes
  1075 | D:2      | Reached XP level 4. HP: 33/39 MP: 3/3
  1717 | D:3      | Reached skill level 7 in Axes
  1717 | D:3      | Reached XP level 5. HP: 39/45 MP: 4/4
  1832 | D:3      | Reached ** piety under Trog
  2005 | D:3      | Found a burning altar of Makhleb.
  2098 | D:3      | Found an opulent altar of Gozag.
  2098 | D:3      | Found a glowing silver altar of Zin.
  2584 | D:3      | Found a shadowy altar of Dithmenos.
  2586 | D:3      | Noticed a phantom
  2607 | D:3      | Killed a phantom
  2608 | D:3      | Reached skill level 8 in Axes
  3034 | D:4      | Reached XP level 6. HP: 40/51 MP: 5/5
  3140 | D:4      | Noticed Sigmund
  3159 | D:4      | Killed Sigmund
  3160 | D:4      | Reached skill level 9 in Axes
  3681 | D:4      | Reached XP level 7. HP: 57/57 MP: 6/6
  3883 | D:4      | Reached *** piety under Trog
  3927 | D:4      | Reached skill level 10 in Axes
  4191 | D:5      | Entered Level 5 of the Dungeon
  4191 | D:5      | Found a transporter.
  4220 | D:5      | Noticed a fire bat
  4220 | D:5      | Noticed a fire bat
  4354 | D:5      | Noticed Ijyb
  4361 | D:5      | Killed Ijyb
  4449 | D:6      | Reached skill level 11 in Axes
  4478 | D:6      | Reached XP level 8. HP: 54/64 MP: 7/7
  4584 | D:6      | Found a sand-covered staircase.
  4591 | Ossuary  | Entered an ossuary
  4864 | D:6      | Reached skill level 5 in Fighting
  4865 | D:6      | Reached skill level 12 in Axes
  4981 | D:5      | Reached **** piety under Trog
  5112 | D:5      | Reached skill level 5 in Armour
  5117 | D:5      | Identified the +1 leather armour "Ulorak" {+Inv rElec}
  5160 | D:5      | Found a transporter.
  5180 | D:5      | Noticed Edmund
  5187 | D:5      | Killed Edmund
  5352 | D:6      | Noticed a komodo dragon
  5362 | D:6      | Killed a komodo dragon
  5363 | D:6      | Reached XP level 9. HP: 77/77 MP: 5/8
  5478 | D:6      | Found a snail-covered altar of Cheibriados.
  6032 | D:7      | Found a staircase to the Ecumenical Temple.
  6112 | Temple   | Entered the Ecumenical Temple
  6739 | D:8      | Found Xysim's Jewellery Emporium.
  6886 | D:8      | Reached skill level 13 in Axes
  6999 | D:8      | Found an iron altar of Okawaru.
  7178 | D:8      | Noticed a centaur warrior
  7184 | D:8      | Killed a centaur warrior
  7185 | D:8      | Reached XP level 10. HP: 66/90 MP: 3/9
  7510 | D:8      | Found an ancient bone altar of Kikubaaqudgha.
  7696 | D:8      | Found a bloodstained altar of Trog.
  7696 | D:8      | Found a hide-covered altar of Uskayaw.
  7713 | D:8      | Found a shimmering blue altar of Sif Muna.
  7722 | D:8      | Found a glowing golden altar of the Shining One.
  7979 | D:9      | Found a flagged portal.
  8005 | Bailey   | Entered a bailey
  8005 | Bailey   | Noticed an orc knight
  8005 | Bailey   | Noticed an orc knight
  8008 | Bailey   | Noticed an orc knight
  8022 | Bailey   | Killed an orc knight
  8234 | Bailey   | HP: 2/91 [orc warrior (10)]
  8868 | D:9      | Noticed a death knight
  8868 | D:9      | Noticed a wizard
  8870 | D:9      | Noticed a brown ugly thing
  8875 | D:9      | Cast into level 3 of the Abyss (a wizard)
  8880 | Abyss:3  | Noticed a smoke demon
  8893 | Abyss:3  | Killed a smoke demon
  8894 | Abyss:3  | Reached skill level 10 in Fighting
  8894 | Abyss:3  | Reached skill level 14 in Axes
  8900 | Abyss:3  | Noticed a thrashing horror
  8915 | Abyss:3  | Killed a thrashing horror
  8916 | Abyss:3  | Reached skill level 10 in Armour
  8928 | Abyss:3  | HP: 4/94 [raiju (6)]
  8939 | Abyss:3  | Noticed a smoke demon
  8968 | Abyss:3  | Killed a smoke demon
  8969 | Abyss:3  | Reached XP level 11. HP: 38/101 MP: 6/10
  8973 | D:9      | Escaped the Abyss
  9218 | D:9      | Noticed a skeletal warrior
  9238 | D:9      | Killed a skeletal warrior
  9485 | D:10     | Entered Level 10 of the Dungeon
  9651 | D:9      | Noticed Grum
  9659 | D:9      | Killed Grum
  9711 | D:9      | Killed a wizard
  9914 | D:9      | Reached skill level 15 in Axes
 10317 | D:9      | Killed a brown ugly thing
 10761 | D:9      | Got Sif Muna's Compendium of Earthen Heat
 10806 | D:9      | Found a shimmering altar of Xom.
 11090 | D:10     | Found a basalt altar of Yredelemnul.
 11096 | D:10     | Found a white marble altar of Elyvilon.
 11096 | D:10     | Found a broken altar of Ashenzari.
 11384 | D:10     | Noticed an eight-headed hydra
 11646 | D:11     | Noticed Urug
 11984 | D:10     | Found a portal to a secret trove of treasure.
 12117 | D:11     | Killed Urug
 12143 | D:11     | Reached skill level 1 in Evocations
 12262 | D:11     | Noticed Maurice
 12273 | D:11     | Killed Maurice
 12495 | D:11     | Found Ciaq's Distillery.
 12512 | D:11     | Bought a potion of heal wounds for 60 gold pieces
 12630 | D:11     | Reached XP level 12. HP: 99/111 MP: 11/11
 12814 | D:11     | Found a staircase to the Lair.
 12840 | Lair:1   | Entered Level 1 of the Lair of Beasts
 12856 | Lair:1   | Noticed an eight-headed hydra
 13479 | D:12     | Found a staircase to the Orcish Mines.
 13540 | D:12     | Identified the +1 ring mail of Delicate the Good {rPois
                  | Int+2}
 13650 | D:12     | Reached ***** piety under Trog
 13734 | D:12     | Noticed a two-headed ogre
 13740 | D:12     | Killed a two-headed ogre
 13808 | D:12     | Reached skill level 5 in Dodging
 13893 | D:12     | Noticed Sonja
 14678 | D:11     | Bought a potion of resistance for 120 gold pieces
 14678 | D:11     | Bought 2 potions of haste for 240 gold pieces
 14753 | D:8      | Bought a +4 ring of evasion for 432 gold pieces
 14925 | D:12     | Killed Sonja
 14926 | D:12     | Reached skill level 16 in Axes
 15038 | D:12     | Noticed a five-headed hydra
 15051 | D:11     | Killed a six-headed hydra
 15161 | D:12     | Identified the +7 broad axe "Hydraslayer" {elec, rElec rF+
                  | rC+ Str+2}
 15383 | D:12     | Noticed a two-headed ogre
 15406 | D:12     | Killed a two-headed ogre
 15685 | Orc:1    | Entered Level 1 of the Orcish Mines
 15794 | Orc:2    | Entered Level 2 of the Orcish Mines
 16077 | Orc:2    | Found a staircase to the Elven Halls.
 16106 | Elf:1    | Entered Level 1 of the Elven Halls
 16238 | Orc:2    | Noticed an orc high priest
 16255 | Orc:2    | Killed an orc high priest
 16256 | Orc:2    | Reached skill level 5 in Evocations
 16911 | Orc:1    | Noticed Jorgrun
 16911 | Orc:1    | Noticed an orc high priest
 17401 | Orc:2    | Reached ****** piety under Trog
 17427 | Orc:2    | Paralysed by an orc sorcerer for 6 turns
 17436 | Orc:2    | Gained mutation: You are clumsy. (Dex -2) [a neqoxec]
 17524 | Orc:2    | Paralysed by an orc sorcerer for 4 turns
 17563 | Orc:2    | Found Jyal's Jewellery Shop.
 17563 | Orc:2    | Found Tyaryn's Assorted Antiques.
 17564 | Orc:2    | Found Vodieck's Jewellery Boutique.
 17581 | Orc:2    | Found Lori Cea's Weapon Shop.
 17753 | Orc:2    | Reached XP level 13. HP: 82/117 MP: 8/12
 17887 | Orc:2    | Killed Jorgrun
 18012 | Orc:1    | Received a gift from Trog
 18650 | Lair:1   | You fall into a shaft and drop 1 floor!
 20119 | Lair:2   | Identified a scroll of acquirement
 20119 | Lair:2   | Acquired 848 gold pieces
 20792 | Lair:3   | Found a staircase to the Swamp.
 20796 | Lair:3   | Received a gift from Trog
 20799 | Lair:3   | Reached skill level 17 in Axes
 20955 | Swamp:1  | Entered Level 1 of the Swamp
 21477 | Lair:3   | You fall into a shaft and drop 1 floor!
 21726 | Lair:4   | Found a staircase to the Snake Pit.
 21739 | Lair:4   | Reached XP level 14. HP: 104/129 MP: 13/13
 21892 | Snake:1  | Entered Level 1 of the Snake Pit
 21914 | Lair:4   | Found a snail-covered altar of Cheibriados.
 22258 | Lair:4   | Reached skill level 1 in Stealth
 23012 | Lair:5   | Identified the +0 ring mail "Tidghaf" {rN+ Regen+ Dex+8
                  | Stlth+}
 23068 | Lair:5   | Reached skill level 15 in Armour
 23754 | Lair:6   | Entered Level 6 of the Lair of Beasts
 24101 | Lair:6   | Found a viscous altar of Jiyva.
 24112 | Lair:6   | Found a staircase to the Slime Pits.
 24122 | Slime:1  | Entered Level 1 of the Pits of Slime
 24126 | Slime:1  | Noticed an azure jelly
 24131 | Slime:1  | Noticed a quicksilver ooze
 24138 | Lair:6   | Killed an azure jelly
 24350 | Lair:6   | Received a gift from Trog
 24924 | Lair:6   | Reached skill level 18 in Axes
 24956 | Lair:6   | Found a corrupted altar of Lugonu.
 24956 | Lair:6   | Found a one-way gate to the infinite horrors of the Abyss.
 25107 | Lair:6   | Reached XP level 15. HP: 77/139 MP: 9/14
 25423 | Lair:6   | Found a runed translucent door.
 25427 | Lair:6   | Noticed mavignon's ghost (journeyman DsBe)
 25765 | Lair:6   | Killed mavignon's ghost
 26344 | D:13     | Reached skill level 5 in Stealth
 26362 | D:13     | Reached skill level 15 in Fighting
 26537 | D:14     | Noticed Josephine
 26566 | D:14     | Killed Josephine
 26643 | D:14     | Found Lasiprem's Pet Rocks.
 26692 | D:15     | Entered Level 15 of the Dungeon
 26924 | D:13     | Received a gift from Trog
 27679 | D:13     | Noticed a frost giant
 27687 | D:13     | Killed a frost giant
 28233 | D:13     | Identified the +0 robe of the Farmer {rElec rPois rCorr
                  | Dex+2}
 28717 | D:13     | Reached skill level 19 in Axes
 29074 | D:14     | Found a gate to the Vaults.
 29392 | D:14     | You fall into a shaft and drop 1 floor!
 29392 | D:15     | Noticed Rupert
 29760 | D:15     | Found Axtenuat's Antique Weapon Emporium.
 29820 | D:15     | Reached XP level 16. HP: 148/151 MP: 15/15
 30118 | D:15     | Received a gift from Trog
 30139 | D:15     | Killed Rupert
 30946 | D:15     | Noticed Louise
 30967 | D:15     | Killed Louise
 31140 | D:15     | Found a staircase to the Depths.
 31148 | Depths:1 | Entered Level 1 of the Depths
 31251 | D:15     | Reached skill level 20 in Axes
 31581 | Swamp:1  | Reached skill level 1 in Throwing
 32243 | Swamp:1  | Found a transporter.
 32258 | Swamp:1  | Noticed VincentAMV's ghost (adept GrFi)
 32658 | Swamp:1  | Found a transporter.
 32707 | Swamp:1  | Reached skill level 5 in Throwing
 33830 | Orc:2    | Bought a ring of willpower for 375 gold pieces
 33830 | Orc:2    | Bought the amulet "Jeiguad" {Reflect rN+ Regen+ SH+5} for
                  | 618 gold pieces
 33850 | Orc:2    | Bought a scroll of teleportation for 78 gold pieces
 34113 | D:10     | You paid a toll of 2 scrolls of acquirement to enter a
                  | treasure trove
 34114 | Trove    | Entered a treasure trove
 34149 | Trove    | Identified the +7 battleaxe "Quecoeng" {flame, +Rage rC-
                  | Str+4}
 34151 | Trove    | Identified the +1 hand axe "Xoff" {holy, Int+4 Stlth+}
 34153 | Trove    | Identified the +5 double sword of Kismet {vorpal, Fragile
                  | rElec rF+}
 34174 | Trove    | Found the +8 mithril axe "Arga" {speed, Will+}
 34175 | Trove    | Identified the +5 battleaxe of Somewhere Else {freeze,
                  | rElec rC++ Int+3 Stlth-}
 34187 | Trove    | Identified the +11 battleaxe of Circular Logic {elec, Fly
                  | rElec Int+5 Dex-2}
 34189 | Trove    | Identified the +0 executioner's axe of Duhy {freeze, rElec
                  | Str+2 Dex-4 SInv}
 35710 | Snake:1  | Reached XP level 17. HP: 143/161 MP: 16/16
 35886 | Snake:1  | Found Diotex's Weapon Shop.
 35898 | Snake:1  | Found Icviuse's Assorted Antiques.
 35901 | Snake:1  | Found Gareir's Distillery.
 35905 | Snake:1  | Bought a scroll labelled MIZOYXAGECH for 35 gold pieces
 35906 | Snake:1  | Bought a fine cloak for 332 gold pieces
 35906 | Snake:1  | Identified the +0 cloak of Agoraphobia {Int+4} (You bought
                  | it in a shop on level 1 of the Snake Pit)
 35909 | Snake:1  | Bought a scroll of teleportation for 105 gold pieces
 35914 | Snake:1  | Bought a potion of curing for 42 gold pieces
 35914 | Snake:1  | Bought a potion of heal wounds for 70 gold pieces
 35914 | Snake:1  | Bought a potion of heal wounds for 70 gold pieces
 35984 | Snake:1  | Received a gift from Trog
 36190 | Snake:1  | Found a runed translucent door.
 36196 | Snake:1  | Noticed Razfen's ghost (adept GnWn)
 37671 | Snake:2  | Found Esmin's General Store.
 37997 | Snake:4  | Entered Level 4 of the Snake Pit
 39281 | Snake:3  | Found Atsaffuk's Distillery.
 39289 | Snake:3  | Bought a potion of heal wounds for 75 gold pieces
 40883 | Snake:4  | Received a gift from Trog
 41017 | Snake:4  | Found Runutufu's Armour Shop.
 41019 | Snake:4  | Found Qafaf's Magic Scroll Shop.
 41031 | Snake:4  | Reached skill level 21 in Axes
 41048 | Snake:4  | Bought a scroll of teleportation for 48 gold pieces
 41443 | Snake:4  | Reached skill level 10 in Dodging
 41469 | Snake:4  | Reached XP level 18. HP: 141/169 MP: 17/17
 42839 | Swamp:3  | Found a large runed translucent door.
 42839 | Swamp:3  | Found a large runed translucent door.
 42840 | Swamp:3  | Noticed feelmyfire's ghost (journeyman VSWr)
 43536 | Swamp:4  | Entered Level 4 of the Swamp
 43551 | Swamp:3  | Identified the +8 battleaxe of a Gauntlet {antimagic,
                  | rElec} (Trog gifted it to you on level 3 of the Swamp)
 43551 | Swamp:3  | Received a gift from Trog
 44252 | Swamp:3  | Reached skill level 10 in Evocations
 44651 | Swamp:4  | Reached skill level 10 in Throwing
 44720 | Swamp:4  | Identified the +0 leather armour "Miaseff" {Will+}
 44797 | Swamp:4  | Noticed the 27-headed Lernaean hydra
 44805 | Swamp:4  | Killed the 23-headed Lernaean hydra
 44823 | Swamp:4  | Got a decaying rune of Zot
 44839 | Swamp:4  | Received a gift from Trog
 45111 | Swamp:4  | Reached skill level 22 in Axes
 46151 | Depths:1 | Reached XP level 19. HP: 172/180 MP: 6/18
 46259 | Depths:1 | Received a gift from Trog
 46394 | Depths:1 | Found a gateway to Hell.
 46847 | Depths:1 | Noticed Margery
 46909 | Depths:1 | Found a stormy altar of Qazlal.
 47213 | Depths:2 | You fall into a shaft and drop 1 floor!
 47271 | Depths:3 | Noticed a golden dragon
 47277 | Depths:3 | Killed a golden dragon
 47341 | Depths:3 | Found a runed translucent gate.
 47341 | Depths:3 | Found a runed translucent gate.
 47341 | Depths:3 | Found a runed translucent gate.
 47367 | Depths:3 | Noticed a golden dragon
 47373 | Depths:3 | Killed a golden dragon
 47733 | Depths:2 | Received a gift from Trog
 47905 | Depths:2 | Found a gateway to a ziggurat.
 48080 | Depths:2 | Identified the +1 plate armour "Oxzem" {Rampage rC+ MP+9}
 48288 | Depths:2 | Identified the +2 chain mail "Cosseh" {rPois Will- Str+4
                  | Slay+2}
 48609 | Depths:2 | Reached skill level 23 in Axes
 48710 | Depths:2 | Killed Margery
 49134 | Vaults:1 | Entered Level 1 of the Vaults
 49472 | Elf:1    | Paralysed by an air elemental for 1 turns
 49527 | Elf:1    | Received a gift from Trog
 50428 | Elf:1    | Reached XP level 20. HP: 193/193 MP: 6/19
 50755 | Elf:1    | Identified the +6 rapier of Demand {venom, +Rage}
 50889 | Elf:1    | Got the Grimoire of Attacks
 51506 | Elf:2    | Found Itusoaqu's Book Boutique.
 51537 | Elf:3    | Entered Level 3 of the Elven Halls
 51572 | Elf:2    | Received a gift from Trog
 51591 | Elf:2    | Found a runed translucent gate.
 51593 | Elf:2    | Found a runed translucent gate.
 51593 | Elf:2    | Found a runed translucent gate.
 53388 | Elf:3    | Received a gift from Trog
 53449 | Elf:3    | Killed from afar by a deep elf sorcerer

Illustrated notes

Levels and vault maps discovered:
D:1:      dpeg_arrival_line_fractal, layout_rooms,
          dreamdust_ecumenical_altar_statues, nrook_mini_vaults,
          amcnicky_mini_rare_corridor_liquid
D:2:      cheibrodos_pilgrimage, layout_loops_ring, minmay_misc_feat_cross
D:3:      layout_basic, grunt_temple_overflow_gold_and_silver,
          nicolae_overflow_crystal_walls, mainiacjoe_overflow_chevrons
D:4:      layout_cave_pods, uniq_sigmund
D:5:      gammafunk_cloud_chamber, layout_rooms, uniq_ijyb, uniq_edmund
D:6:      layout_cave_pools, kennysheep_slug_shrine,
          lightli_ossuary_entry_decrepit_ruins
D:7:      layout_loops_ring, minmay_temple_entry_statues, grunt_decor_resistance
D:8:      layout_basic, kiku_gazebo_garden_becter, minitemple,
          okawaru_ov_weapons_minmay, serial_shops, shop_fountains,
          minmay_misc_feat_enclosed
D:9:      minmay_the_grid_net [minmay_the_grid_odd_star,
          minmay_the_grid_stretched_grid, minmay_the_grid_expand,
          minmay_the_grid_diamond_grid, minmay_the_grid_small_cups,
          minmay_the_grid_prize_four_corners_diamond_b], layout_basic,
          led_xom_imps, enter_bailey_5, uniq_grum
D:10:     layout_roguey, gammafunk_temple_overflow_forgotten, enter_trove_1,
          minmay_misc_feat_doors, kennysheep_generic_room_11
D:11:     layout_roguey, erik_lair_dragon, serial_shops, shop,
          nicolae_straight_to_the_point, uniq_urug, uniq_maurice
D:12:     layout_long_grid, zombieorc2_lemuel, serial_glass, glass_columns_c,
          glass_columns_a, glass_columns_a, glass_columns_a, glass_columns_b,
          glass_columns_b, glass_columns_b, glass_columns_b, uniq_sonja
D:13:     nzn_winding_woodlands_three_and_one
          [nzn_winding_woodlands_5x15_jagged,
          nzn_winding_woodlands_5x15_split_checker,
          nzn_winding_woodlands_5x15_zeroes,
          nzn_winding_woodlands_center_pierced_h], layout_layer_cave,
          special_room [special_room_bee]
D:14:     layout_roguey, erik_vaults_2, chequers_serial_rivers_micro_a,
          guppyfry_shop_earth, uniq_josephine
D:15:     gammafunk_enter_depths_forms, layout_irregular_city,
          small_statue_intersection, serial_shops, shop, uniq_louise,
          uniq_rupert
Temple:   corrupted_temple
Lair:1:   layout_gridlike, guppyfry_lair_drakes, grunt_megastairs_2
Lair:2:   kb_forest_paths, layout_gridlike, special_room,
          chequers_serial_rivers_marsh
Lair:3:   layout_cave_shapes, skrybe_swamp_entry_bodies, minivault_24,
          minmay_lindwurm_lava, infiniplex_staircase_pool, serial_bayou_shore_b
Lair:4:   layout_long_grid, minmay_snake_entry_six_corridors, basic_altar,
          beast_lair_carwin_1
Lair:5:   layout_cave_pods, kennysheep_basilisk_garden
Lair:6:   hellmonk_lair_end_abyssal_woods, layout_regular_city, slime_altar_1,
          ebering_ghost_inner_flame
Swamp:1:  layout_basic_swamp, gammafunk_ghost_berserking_beasts,
          infiniplex_staircase_pool_2, swamp_pool1,
          nicolae_swamp_necromancer_hut
Swamp:2:  layout_basic_swamp, serial_swamp_ruin, evilmike_swamp_ruin_house_3,
          evilmike_swamp_ruin_wall, evilmike_swamp_ruin_house_4
Swamp:3:  layout_falls_marsh, ebering_ghost_disaster_area, hangedman_swamp_cone
Swamp:4:  grunt_swamp_rune_castle, layout_basic_swamp, swamp_pool2
Snake:1:  layout_chambers, ebering_ghost_reflecting_pool,
          nicolae_snake_serpentine_bazaar, serial_bayou_shore_a
Snake:2:  layout_grid_maze, serial_shops, nicolae_shop_behind_doors
Snake:3:  layout_chambers, serial_shops, nicolae_shop_behind_doors,
          nicolae_snake_herptile_family_reunion
Snake:4:  grunt_snake_rune_serpentine_throne, layout_misc_corridors,
          gammafunk_ghost_abyssal_escape, basic_altar, serial_shops,
          nicolae_lakefront_shop, shop, nicolae_shop_trees,
          nicolae_shop_waterfront, nicolae_snake_salamander_zone
Slime:1:  layout_caves
Orc:1:    layout_diamond_mine, basic_altar, uniq_jorgrun
Orc:2:    st_orc_mages, layout_diamond_mine, roderic_batcave,
          nicolae_orc_tapped_out
Elf:1:    minmay_elf_arrival_summoners, layout_onion_city,
          portal_ice_cave_entry_ice_statue_one, minmay_elf_sorcery,
          lemuel_flamethrower_hall
Elf:2:    nicolae_elf_blades_crystal_corner, layout_gridlike, serial_shops,
          nicolae_shop_trees
Elf:3:    minmay_elf_hall_dome, layout_gridlike, item_on_display_a
Vaults:1: hangedman_vaults_pinch, vaults_standard_mumra_x,
          hangedman_vaults_restitches, v_pattern_1, gammafunk_the_bubble
          [the_bubble_gammafunk_roulette], vaults_dpeg_ring,
          ontoclasm_vaults_loading_screen, vaults_room_grunt_arrival_checkpoint,
          vaults_room_octagon, hangedman_vaults_locks, v_misc_25,
          vaults_room_semicircle, layout_vaults_omnicross
Depths:1: layout_cave_pools, grunt_metal_band, grunt_qazlal_clouds
Depths:2: kennysheep_cluttered_fort, layout_small_grid, enter_ziggurat_c,
          minmay_room_of_horrors, serial_sigils, serial_sigils_hangedman_gnaw,
          serial_sigils_hangedman_confine, serial_sigils_hangedman_leer,
          serial_sigils_hangedman_quiver, serial_sigils_hangedman_clutch,
          serial_sigils_hangedman_shear, hell_entry
Depths:3: four-leaf_vault, layout_gridlike, gammafunk_ghost_ooze,
          minmay_misc_feat_ornament, hell_entry, rand_demon_pan_entry_8,
          kennysheep_generic_room_16, infiniplex_staircase_pillars_3a,
          grunt_megastairs_4, serial_bayou_shore_b

Skill      XL: |  1  2  3  4  5  6  7  8  9 10 11 12 13 14 15 16 17 18 19 20 |
---------------+-------------------------------------------------------------+-----
Axes           | 4 5 6 7 8 9 11 12 13 14 15 16 17 18 19 20 21 22 23 | 23.7
Fighting       | 6 8 10 11 13 14 16 17 18 19 20 | 20.2
Armour         | 5 8 10 11 13 14 15 17 19 | 19.8
Dodging        | 4 7 10 11 | 11.1
Evocations     | 2 5 7 8 9 10 | 10.4
Stealth        | 4 5 6 |  6.5
Throwing       | 6 8 10 | 10.5

Action                   |  1- 3 |  4- 6 |  7- 9 | 10-12 | 13-15 | 16-18 | 19-21 || total
-------------------------+-------+-------+-------+-------+-------+-------+-------++-------
Melee: Hand axe          |    36 |    20 |       |       |       |       |       ||    56
       Headbutt          |     4 |    10 |    63 |    97 |   202 |   296 |   154 ||   826
       War axe           |       |    95 |   192 |       |       |       |       ||   287
       Battleaxe         |       |       |   106 |   429 |    11 |   771 |    75 ||  1392
       Broad axe         |       |       |       |   145 |   399 |       |    53 ||   597
       Executioner's axe |       |       |       |       |   451 |   357 |   513 ||  1321
Throw: Dart              |       |       |     3 |     4 |     3 |    77 |     3 ||    90
       Boomerang         |       |       |       |       |       |       |     8 ||     8
Invok: Berserk           |     1 |     4 |     7 |    10 |     2 |     9 |     1 ||    34
       Trog's Hand       |       |     1 |       |     9 |     6 |     6 |     8 ||    30
       Brothers in Arms  |       |       |       |     4 |     4 |     6 |     4 ||    18
Evoke: Wand              |       |       |     1 |     5 |       |     2 |     4 ||    12
       Condenser vane    |       |       |       |       |       |     1 |     1 ||     2
  Use: Scroll            |       |       |     6 |     7 |    17 |    10 |     1 ||    41
       Potion            |       |       |       |    15 |       |     8 |     3 ||    26
 Stab: Sleeping          |       |     1 |       |       |       |     7 |       ||     8
       Paralysed         |       |       |       |     1 |       |       |       ||     1
       Distracted        |       |       |       |       |     3 |     1 |       ||     4
       Confused          |       |       |       |       |       |     1 |       ||     1
Armor: Animal skin       |     9 |    25 |       |       |       |       |       ||    34
       Ring mail         |       |     8 |   140 |   239 |       |   213 |       ||   600
       Skin              |       |       |       |    31 |       |       |       ||    31
       Chain mail        |       |       |       |    64 |    46 |       |       ||   110
       Plate armour      |       |       |       |       |   460 |   282 |   355 ||  1097
Dodge: Dodged            |    27 |    52 |   144 |   418 |   621 |   701 |   237 ||  2200
Block: Other             |       |       |       |       |       |   181 |   107 ||   288
       Reflection        |       |       |       |       |       |    14 |     4 ||    18
